 Dungeon Crawl Stone Soup version 0.31.0-32-g396128a36d (webtiles) character file.

Game seed: 2972134036864835705

1297 Nesilar the Cleaver (level 8, -18/70 HPs)
             Began as a Minotaur Berserker on Apr 2, 2024.
             Was an Elder of Trog.
             Demolished by a skeletal warrior
             ... wielding a +2 heavy broad axe
              (25 damage)
             ... on level 7 of the Dungeon.
             The game lasted 00:20:10 (3328 turns).

Nesilar the Cleaver (Minotaur Berserker)            Turns: 3328, Time: 00:20:10

Health: -18/70     AC:  2    Str: 30    XL:     8   Next: 31%
Magic:  7/7        EV: 13    Int:  4    God:    Trog [****..]
Gold:   205        SH:  0    Dex: 10    Spells: 7/7 levels left

rFire   . . .        k - +12 hand axe of the Ancients {freeze, Will+}
rCold   . . .        (no shield)
rNeg    . . .        b - +0 animal skin
rPois   .            (helmet restricted)
rElec   .            (no cloak)
rCorr   .            (no gloves)
SInv    .            (no boots)
Will    +....        (no amulet)
Stlth   ++           g - +4 ring of slaying
HPRegen 0.31/turn    i - +6 ring of strength
MPRegen 0.10/turn

%: no passive effects
@: no status effects
A: horns 2, retaliatory headbutt
a: Renounce Religion, Berserk, Trog's Hand, Brothers in Arms


You were on level 7 of the Dungeon.
You worshipped Trog.
Trog was greatly pleased with you.
You visited 1 branch of the dungeon, and saw 7 of its levels.

You collected 205 gold pieces.

Inventory:

Hand Weapons
 a - a +0 hand axe
 k - the +12 hand axe of the Ancients (weapon) {freeze, Will+}
   (You found it on level 2 of the Dungeon)

   Will+:     It increases your willpower.
Armour
 b - a +0 animal skin (worn)
Jewellery
 g - a +4 ring of slaying (left hand)
 i - a +6 ring of strength (right hand)
 n - a ring of fire
Scrolls
 e - a scroll of poison {unknown}
 f - a scroll of revelation {unknown}
 h - 2 scrolls of identify {unknown}
 l - a scroll of fear {unknown}
Potions
 c - 2 potions of mutation {unknown}
 d - 2 potions of might {unknown}
 j - a potion of heal wounds {unknown}
 m - a potion of curing {unknown}
 o - 3 potions of berserk rage {unknown}
 p - a potion of invisibility {unknown}


   Skills:
 + Level 5.7 Fighting
 * Level 10.5 Axes
 + Level 2.7 Armour
 + Level 4.2 Dodging
 + Level 2.1 Stealth


You had 7 spell levels left.
You didn't know any spells.
Your spell library contained the following spells:

 Spells                   Type           Power      Damage    Failure   Level
 Shock                    Conj/Air       0%         1d3       50%         1
 Static Discharge         Conj/Air       0%         3-3/arc   65%         2
 Maxwell's Capacitive Co  Air            0%         ∞         100%        8


Dungeon Overview and Level Annotations

Branches:
Dungeon (7/15)             Temple (0/1) D:6

Altars:
Okawaru

Shops:
D:1 (


Innate Abilities, Weirdness & Mutations

You have a pair of horns on your head.
You reflexively headbutt those who attack you in melee.


Message History

You feel as though you will be slow longer.
The hornet barely misses you.
You slash the hornet! You freeze the hornet!
The hornet is almost dead.
The hornet stings you!
* * * LOW HITPOINT WARNING * * *
You feel as though you will be slow longer.
The hornet barely misses you. You furiously retaliate!
You headbutt the hornet.
You kill the hornet!
Trog accepts your kill.
Your Axes skill increases to level 10!
Your Dodging skill increases to level 4!
Your Stealth skill increases to level 2!
A komodo dragon comes into view.
Items here: $ )) [[ †††.
A komodo dragon is nearby!
The bullfrog gives a loud, deep croak!
A sky beast comes into view.
A skeletal warrior comes into view. It is wielding a +2 heavy broad axe.
The bullfrog closely misses you.
You hit the bullfrog.
The bullfrog seems to slow down.
You freeze the bullfrog. You headbutt the bullfrog!
The bullfrog is almost dead.
You feel yourself speed up.
A slime creature comes into view.
The bullfrog closely misses you. You furiously retaliate!
You headbutt the bullfrog.
You kill the bullfrog!
Trog accepts your kill.
The slime creature quivers.
You see here a bullfrog corpse.
A shadow imp comes into view.
The sky beast flickers out of sight!
Deactivating autopickup; reactivate with Ctrl-A.
Something hits you but does no damage.
A sky beast appears from thin air!
Reactivating autopickup.
The skeletal warrior attacks as it pursues you!
The skeletal warrior hits you with a +2 heavy broad axe!!
You die...

#..$...................# #
#.##..........)##### #.... #
#. #..l........# #.####.#..
#. #...J~......# #.. ....####
#. #...........# #.# ##.. ..#
## #...........# #.###.#.##.#
.5.....##.....###.....#.)...
........##.zY..##<.....#.)...
........##..@.....)))..#..)..
........##.....#..))...#.....
........##.....#######.#.....
.......#..............#.....
#......#######.......
#....................
...###..#######....... #..
#..# #....... ## #..#
#.......


You could see a skeletal warrior, a slime creature, a komodo dragon and a sky
beast.

Vanquished Creatures
  A hornet (D:7)
  A wraith (D:7)
  An ogre (D:4)
  A centaur (D:6)
  A kobold brigand (D:7)
  A bullfrog (D:7)
  A scorpion (D:6)
  A howler monkey (D:7)
  A bombardier beetle (D:4)
  A hound (D:4)
  2 jellies
  2 orc priests (D:4)
  2 sleepcaps
  An iguana (D:6)
  5 orc wizards
  Robin (D:3)
  An adder (D:4)
  4 gnolls
  An ufetubus (D:7)
  A dart slug (D:4)
  10 orcs
  3 ball pythons
  10 endoplasms
  3 giant cockroaches
  14 goblins
  6 hobgoblins
  4 jackals (D:4)
  9 kobolds
  3 quokkas
  3 bats
  5 frilled lizards
  5 rats
105 creatures vanquished.

Notes
Turn   | Place    | Note
-------+----------+-------------------------------------------
     0 | D:1      | Nesilar the Minotaur Berserker began the quest for the Orb.
     0 | D:1      | Reached XP level 1. HP: 19/19 MP: 0/0
   273 | D:1      | Found a faded altar of an unknown god.
   416 | D:1      | Reached XP level 2. HP: 18/27 MP: 1/1
   487 | D:1      | Reached skill level 4 in Axes
   558 | D:1      | Reached ** piety under Trog
   559 | D:1      | Reached XP level 3. HP: 33/33 MP: 2/2
  1089 | D:1      | Found Ofouptoa's Weapon Emporium.
  1121 | D:2      | Identified the +12 hand axe of the Ancients {freeze, Will+}
  1490 | D:3      | Noticed Robin
  1493 | D:3      | Reached skill level 5 in Axes
  1506 | D:3      | Reached XP level 4. HP: 20/40 MP: 3/3
  1507 | D:3      | Killed Robin
  1586 | D:3      | Got Syzxohug's Elucidation of the Lungs
  2046 | D:4      | Reached *** piety under Trog
  2047 | D:4      | Reached XP level 5. HP: 45/46 MP: 4/4
  2050 | D:4      | Reached skill level 6 in Axes
  2090 | D:4      | Reached skill level 1 in Stealth
  2094 | D:4      | Reached XP level 6. HP: 32/53 MP: 5/5
  2118 | D:4      | Reached skill level 7 in Axes
  2535 | D:5      | Entered Level 5 of the Dungeon
  2540 | D:5      | Identified the flux talisman of Jim Pido {Dex+4}
  2580 | D:6      | Found an iron altar of Okawaru.
  2595 | D:6      | Found a staircase to the Ecumenical Temple.
  2615 | D:6      | Reached skill level 8 in Axes
  2751 | D:6      | Reached XP level 7. HP: 54/60 MP: 6/6
  2956 | D:7      | Reached skill level 5 in Fighting
  2956 | D:7      | Reached skill level 9 in Axes
  3050 | D:7      | Reached **** piety under Trog
  3297 | D:7      | Noticed a wraith
  3305 | D:7      | Killed a wraith
  3313 | D:7      | Noticed a hornet
  3316 | D:7      | Reached XP level 8. HP: 25/69 MP: 7/7
  3317 | D:7      | HP: 3/69 [hornet (9)]
  3317 | D:7      | Killed a hornet
  3318 | D:7      | Reached skill level 10 in Axes
  3318 | D:7      | Noticed a komodo dragon
  3320 | D:7      | Noticed a skeletal warrior
  3322 | D:7      | Noticed a slime creature
  3328 | D:7      | Demolished by a skeletal warrior

Illustrated notes

Levels and vault maps discovered:
D:1:      roderic_dead_forest, layout_rooms, serial_glass, glass_columns_b,
          glass_columns_b, minmay_strange_pillars, feat_on_display,
          minmay_strange_pillars, due_unseen_surprise,
          shapermc_ecumenical_altar_ellora, serial_shops, nicolae_shop_stone,
          minmay_split_cup_large
D:2:      layout_rooms, serial_forest, infiniplex_forest_lined_3,
          infiniplex_forest_lined_3, infiniplex_forest_straight_2,
          infiniplex_forest_fountain, infiniplex_forest_clump_C,
          infiniplex_forest_clump_large
D:3:      layout_loops_cross, uniq_robin, uniq_terence
D:4:      layout_rooms, nicolae_overflow_hidden_temple,
          minmay_hollow_rounded_squares
D:5:      layout_cave_pools, xom_teletrap_fun, lightli_temple_of_fire,
          nicolae_qazlal_general_emergency,
          nicolae_gozag_cash_rules_everything_around_me, uniq_pikel,
          uniq_edmund, uniq_duvessa
D:6:      layout_basic, mainiacjoe_overflow_concentric_impassable,
          minmay_temple_entry_grid, enter_ossuary_2
D:7:      minmay_the_grid_square_5x5_3x3 [minmay_the_grid_square_5x5_eight,
          minmay_the_grid_square_5x5_mess, minmay_the_grid_square_5x5_z,
          minmay_the_grid_square_5x5_v,
          minmay_the_grid_square_5x5_megaprize_checkered,
          minmay_the_grid_square_5x5_minibox,
          minmay_the_grid_square_5x5_hourglass,
          minmay_the_grid_square_5x5_seven, minmay_the_grid_square_5x5_inner_i],
          layout_basic, nzn_makhleb_speed_demon, uniq_jeremiah

Skill      XL: |  1  2  3  4  5  6  7  8 |
---------------+-------------------------+-----
Axes           | 4 5 6 8 9 10 | 10.5
Fighting       | 4 5 |  5.7
Dodging        | 3 4 |  4.2
Stealth        | 1 2 |  2.1
Armour         | |  2.7

Action                     |  1- 3 |  4- 6 |  7- 9 || total
---------------------------+-------+-------+-------++-------
  Melee: Hand axe          |   123 |    39 |    29 ||   191
         Headbutt          |    36 |     4 |     6 ||    46
         Punch             |     3 |     1 |     1 ||     5
   Stab: Sleeping          |     1 |       |       ||     1
 Armour: Animal skin       |    33 |    22 |    33 ||    88
  Dodge: Dodged            |    31 |    18 |    16 ||    65
